AoeStats
← Hachi

Nomad

509719715Analyzed
4v4 RM · 5d ago on Sep 27, 2026· 69m 20s· 8 players
Game mode
Random Map
Map size
231×231
Population
200
Speed
Normal
Resources
Standard
Victory
Conquest
Starting age
Dark Age
Ending age
Imperial Age
RankedLock teamsTeams togetherTeam positionsShared explorationLock speedFull tech treeHidden civsTurbo modeCheats
Victory
Defeat
🇧🇷 Persians · Brazil
916
+13
🇧🇷 Vikings · Brazil
874
+14
🇧🇷 Khmer · Brazil
840
+16
🇧🇷 Japanese · Brazil
786
+18
🇩🇪 Goths · Germany
877
-17
🇹🇷 Turks · Türkiye
833
-15
🇵🇱 Magyars · Poland
833
-15
🇵🇱 Goths · Poland
801
-14
jokii7070
15:53 Feudal Age
24:52 Castle Age
23:32 Man-at-Arms
24:12 Horse Collar
38:24 Imperial Age
60:46 Elite Cannon Galleon
61:59 Gold Mining
Scout22562
5:09 Loom
15:21 Feudal Age
15:51 Double-Bit Axe
15:48 Horse Collar
16:17 Town Watch
24:29 Castle Age
26:10 Bloodlines
30:03 Corvinian Army
31:06 Scale Barding Armor
33:35 Chain Barding Armor
41:35 Imperial Age
40:29 Town Patrol
41:04 Wheelbarrow
41:48 Elite Magyar Huszar
46:44 Heavy Scorpion
48:16 Ballistics
48:56 Chemistry
51:22 Recurve Bow
52:36 Light Cavalry
54:01 Conscription
54:52 Plate Barding Armor
57:11 Hussar
58:50 Murder Holes
60:04 Bow Saw
61:19 Heavy Plow
62:23 Husbandry
Hachi
6:03 Loom
16:51 Feudal Age
22:39 Castle Age
22:05 Horse Collar
22:18 Gold Mining
22:21 Stone Mining
26:20 Heavy Plow
34:17 Imperial Age
37:39 Squires
37:56 Forging
37:47 Scale Mail Armor
39:20 Conscription
38:21 Elite Huskarl
39:03 Perfusion
41:11 Anarchy
46:01 Iron Casting
45:41 Chain Mail Armor
61:24 Iron Casting
61:08 Chain Mail Armor
63:05 Blast Furnace
62:50 Crop Rotation
63:08 Wheelbarrow
64:36 Hand Cart
ben00mon
4:35 Loom
15:42 Feudal Age
21:01 Castle Age
19:53 Gold Mining
19:51 Man-at-Arms
22:52 Horse Collar
22:44 Long Swordsman
24:28 Double-Bit Axe
25:20 Scale Mail Armor
26:07 Wheelbarrow
26:18 Squires
27:54 Forging
33:49 Bow Saw
33:43 Heavy Plow
38:37 Hand Cart
39:19 Pikeman
47:17 Anarchy
51:32 Imperial Age
52:06 Perfusion
52:56 Anarchy
55:13 Two-Man Saw
55:26 Chain Mail Armor
58:36 Halberdier
67:11 Iron Casting
felipetutuba
14:47 Feudal Age
14:59 Loom
21:14 Castle Age
19:45 Fletching
19:58 Scale Mail Armor
20:09 Forging
22:09 Pikeman
30:16 Chain Mail Armor
30:37 Iron Casting
43:03 Imperial Age
53:27 Fishing Lines
53:55 Elite Samurai
55:16 Plate Mail Armor
55:21 Iron Casting
65:06 Blast Furnace
65:10 Kataparuto
JLT_Jhoni
3:21 Loom
17:53 Feudal Age
19:32 Wheelbarrow
18:50 Gold Mining
18:50 Stone Mining
18:45 Horse Collar
18:55 Double-Bit Axe
18:59 Town Watch
26:15 Castle Age
25:37 Fletching
25:48 Padded Archer Armor
28:02 Kamandaran
32:28 Ballistics
32:04 Murder Holes
40:26 Crossbowman
46:45 Imperial Age
45:27 Bow Saw
45:57 Gold Shaft Mining
45:57 Stone Shaft Mining
45:27 Heavy Plow
46:25 Elite War Elephant
48:23 Chemistry
48:16 Conscription
60:19 Two-Man Saw
70:06 Citadels
70:32 Hoardings
69:27 Sappers
FREDERICUS-HERECTUS
4:39 Loom
16:29 Feudal Age
18:12 Town Watch
18:18 Double-Bit Axe
18:26 Gold Mining
18:18 Horse Collar
19:14 Stone Mining
19:16 Man-at-Arms
23:23 Arson
23:31 Arson
27:11 Castle Age
25:24 Forging
25:04 Fletching
25:15 Scale Mail Armor
25:15 Padded Archer Armor
27:21 Long Swordsman
27:22 Pikeman
27:25 Elite Skirmisher
28:42 Iron Casting
28:25 Bow Saw
28:22 Squires
29:17 Leather Archer Armor
29:49 Heavy Plow
31:50 Bodkin Arrow
34:19 Gold Shaft Mining
34:03 Chain Mail Armor
33:49 Murder Holes
34:15 Ballistics
34:08 Masonry
39:54 Imperial Age
43:22 Bracer
44:26 Chemistry
50:06 Blast Furnace
53:06 Ring Archer Armor
65:03 Plate Mail Armor
67:07 Architecture
67:44 Conscription
68:28 Two-Man Saw
JLT_Shinoub
3:16 Loom
16:28 Feudal Age
17:50 Wheelbarrow
17:01 Horse Collar
19:18 Gold Mining
28:36 Castle Age
28:09 Stone Mining
30:24 Husbandry
30:35 Bloodlines
29:46 Light Cavalry
29:55 Pikeman
31:06 Hand Cart
39:39 Imperial Age
37:53 Double-Bit Axe
38:11 Heavy Plow
38:48 Gold Shaft Mining
39:10 Stone Shaft Mining
39:11 Town Watch
40:47 Conscription
40:29 Double Crossbow
40:49 Scale Barding Armor
40:54 Town Patrol
41:17 Hussar
42:46 Bow Saw
42:44 Murder Holes
43:32 Crop Rotation
43:26 Halberdier
47:09 Chain Barding Armor
47:00 Forging
46:52 Scale Mail Armor
47:55 Chemistry
48:41 Plate Barding Armor
48:46 Ballistics
49:16 Elite Ballista Elephant
52:28 Fletching
53:21 Iron Casting
54:49 Bodkin Arrow
55:54 Blast Furnace
54:56 Padded Archer Armor
55:12 Chain Mail Armor
59:04 Bracer
Connection lost

Rejoining the realm…

Still unreachable

The connection could not be restored.

Session expired

The server has moved on; the page needs a fresh start.